 Dungeon Crawl Stone Soup version 0.26-a0-611-g354ed81502 (webtiles) character file.

Game seed: 3167298157567569428

661787 Morbidden the Eclecticist (level 27, 247/264 HPs)
             Began as a Naga Conjurer on Aug 16, 2020.
             Was the Champion of Cheibriados.
             Quit the game on level 2 of the Pits of Slime on Sept 6, 2020.
             The game lasted 03:51:39 (84189 turns).

Morbidden the Eclecticist (Naga Conjurer)          Turns: 84189, Time: 03:51:39

Health: 247/264    AC: 40    Str: 33    XL:     27
Magic:  72/74      EV: 21    Int: 54    God:    Cheibriados [******]
Gold:   6424       SH: 26    Dex: 26    Spells: 19/65 levels left

rFire    . . .     SeeInvis +   s - +9 eudemon blade (holy)
rCold    + + +     Faith    .   P - +2 kite shield of Divine Compulsion {rCorr Dex-3 Slay+4 SInv}
rNeg     + . .     Spirit   +   u - +6 faerie dragon scales {rC+ rCorr}
rPois    +         Reflect  .   v - +3 hat of Pondering {ponderous, MR+ MP+10 Int+5}
rElec    .         Harm     .   Q - +2 cloak {rCorr}
rCorr    +                      L - +2 pair of gloves {Str+3}
MR       +++++                  l - +4 barding {rC+}
Stlth    ++++++....             H - brooch of Shielding {Spirit SH+8}
HPRegen  0.54/turn              F - ring of Luesm {rC+ MP+9 Int+4 Dex+4}
MPRegen  0.44/turn              U - ring of Ichafoy {rN+ MR+ MP+9 Int+4 SInv}

@: very slow
A: large, see invisible, deformed body, poison resistance, slowness 2, spit
poison 1, subdued magic 1, constrict 1, AC +9
}: 3/15 runes: serpentine, barnacled, silver
a: Spit Poison, Bend Time, Temporal Distortion, Slouch, Step From Time, Renounce
Religion


You were on level 2 of the Pits of Slime.
You worshipped Cheibriados.
Cheibriados was exalted by your worship.
You visited 12 branches of the dungeon, and saw 55 of its levels.
You also visited: Ossuary and Ice Cave.

You collected 9020 gold pieces.
You spent 2596 gold pieces at shops.

Inventory:

Hand Weapons
 a - a +2 dagger of electrocution
 b - a +1 broad axe of electrocution
 s - a +9 eudemon blade of holy wrath (weapon)
Missiles
 m - 6 curare-tipped darts
 t - 85 boomerangs (quivered)
 G - 14 throwing nets
 I - 40 javelins
 V - 77 silver javelins
Armour
 l - a +4 barding of cold resistance (worn)
 u - the +6 faerie dragon scales (worn) {rC+ rCorr}
   (You took it off the Enchantress on level 2 of the Depths)

   It protects you from cold.
   It provides partial protection from all sources of acid and corrosion.
 v - the +3 hat of Pondering (worn) {ponderous, MR+ MP+10 Int+5}
   (You took it off Gastronok on level 2 of the Lair of Beasts)

   It affects your intelligence (+5).
   It affects your resistance to hostile enchantments.
   It affects your magic capacity (+10).
 L - a +2 pair of gloves of strength (worn)
 P - the +2 kite shield of Divine Compulsion (worn) {rCorr Dex-3 Slay+4 SInv}
   (You bought it in a shop on level 1 of the Vaults)

   It affects your dexterity (-3).
   It affects your accuracy and damage with ranged weapons and melee attacks
   (+4).
   It lets you see invisible.
   It provides partial protection from all sources of acid and corrosion.
 Q - a +2 cloak of preservation (worn)
Jewellery
 i - an uncursed amulet of faith
 F - the ring of Luesm (left hand) {rC+ MP+9 Int+4 Dex+4}
   (You found it on level 13 of the Dungeon)

   [ring of protection from cold]

   It affects your intelligence (+4).
   It affects your dexterity (+4).
   It protects you from cold.
   It affects your magic capacity (+9).
 H - the brooch of Shielding (around neck) {Spirit SH+8}
   (You found it on level 2 of the Depths)

   [amulet of guardian spirit]

   It causes incoming damage to be split between your health and magic.
   It affects your SH (+8).
 J - an uncursed ring of protection from fire
 U - the ring of Ichafoy (right hand) {rN+ MR+ MP+9 Int+4 SInv}
   (You found it on level 12 of the Dungeon)

   [ring of see invisible]

   It affects your intelligence (+4).
   It protects you from negative energy.
   It affects your resistance to hostile enchantments.
   It affects your magic capacity (+9).
   It lets you see invisible.
Wands
 f - a wand of iceblast (24)
 n - a wand of digging (5)
 r - a wand of paralysis (65)
 C - a wand of acid (23)
 S - a wand of disintegration (46)
Scrolls
 j - a scroll of silence
 k - 23 scrolls of teleportation
 p - 28 scrolls of remove curse
 w - 2 scrolls of magic mapping
 x - 18 scrolls of amnesia
 z - 3 scrolls of blinking
 A - 11 scrolls of fear
 B - a scroll of brand weapon
 K - 2 scrolls of enchant armour
 R - 12 scrolls of enchant weapon
 X - 4 scrolls of holy word
 Z - 13 scrolls of identify
Potions
 c - 10 potions of mutation
 d - 25 potions of curing
 e - 7 potions of flight
 h - 10 potions of might
 o - 5 potions of heal wounds
 D - 6 potions of invisibility
 E - 4 potions of ambrosia
 M - 2 potions of resistance
 N - 6 potions of cancellation
 T - a potion of brilliance
Miscellaneous
 g - the horn of Geryon
 q - a phantom mirror
 y - a box of beasts (2/3)
 O - a condenser vane (2/2)
 W - a lightning rod (4/4)
 Y - a tin of tremorstones (1/3)


   Skills:
 + Level 18.8 Fighting
 + Level 11.9(13.3) Short Blades
 - Level 10.1(12.4) Long Blades
   Level 2.8 Polearms
 + Level 4.8 Throwing
 + Level 10.7 Armour
 + Level 13.9 Dodging
 + Level 14.0 Stealth
 * Level 13.8 Shields
 + Level 0.4 Unarmed Combat
 * Level 19.5 Spellcasting
 + Level 13.6 Conjurations
 + Level 5.5 Hexes
 + Level 4.0 Summonings
 * Level 8.3 Necromancy
 * Level 13.1 Translocations
 * Level 9.9 Transmutations
 + Level 4.9 Fire Magic
 + Level 6.3 Air Magic
 + Level 5.5 Earth Magic
 - Level 13.0 Invocations
 * Level 15.0 Evocations


You had 19 spell levels left.
You knew the following spells:

 Your Spells              Type           Power        Failure   Level
a - Airstrike             Air            #######...   1%          4
b - Searing Ray           Conj           ######       0%          2
c - Inner Flame           Hex/Fire       ######..     1%          3
d - Cause Fear            Hex            ######....   1%          4
e - Summon Lightning Spi  Summ/Air       ######..     1%          4
f - Conjure Ball Lightni  Conj/Air       #######...   1%          6
g - Summon Mana Viper     Hex/Summ       ######..     1%          5
i - Necromutation         Tmut/Necr      #######...   36%         8
s - Statue Form           Tmut/Erth      #######..    1%          6
z - Iskenderun's Mystic   Conj/Tloc      ########     0%          4

Your spell library contained the following spells:

 Spells                   Type           Power        Failure   Level
 Animate Skeleton         Necr           ######       0%          1
 Beastly Appendage        Tmut           ######       0%          1
 Corona                   Hex            ######.      0%          1
 Foxfire                  Conj/Fire      ####         0%          1
 Magic Dart               Conj           ####         0%          1
 Pain                     Necr           ####         0%          1
 Sandblast                Erth           ######       0%          1
 Shock                    Conj/Air       ####         0%          1
 Blink                    Tloc           N/A          0%          2
 Corpse Rot               Necr/Air       N/A          0%          2
 Passwall                 Tmut/Erth      #######.     0%          2
 Sublimation of Blood     Necr           #######...   0%          2
 Swiftness                Air            #######.     0%          2
 Wereblood                Tmut           #######.     0%          2
 Conjure Flame            Conj/Fire      #######.     0%          3
 Dazzling Flash           Conj/Hex       ######       0%          3
 Gell's Gravitas          Tloc           #######...   0%          3
 Portal Projectile        Hex/Tloc       ######       0%          3
 Stone Arrow              Conj/Erth      ######       0%          3
 Vampiric Draining        Necr           #######...   0%          3
 Freeze                   Ice            ####         1%          1
 Summon Small Mammal      Summ           ####         1%          1
 Call Imp                 Summ           ######..     1%          2
 Ensorcelled Hibernation  Hex/Ice        ######       1%          2
 Poisonous Vapours        Pois/Air       ######       1%          2
 Slow                     Hex            ######..     1%          2
 Call Canine Familiar     Summ           ######..     1%          3
 Confusing Touch          Hex            ######..     1%          3
 Frozen Ramparts          Ice            #####.       1%          3
 Mephitic Cloud           Conj/Pois/Air  #######.     1%          3
 Ozocubu's Armour         Ice            #####...     1%          3
 Spider Form              Tmut/Pois      ######....   1%          3
 Summon Guardian Golem    Hex/Summ       ######..     1%          3
 Animate Dead             Necr           #######...   1%          4
 Fulminant Prism          Conj/Hex       #######...   1%          4
 Hailstorm                Conj/Ice       #######.     1%          4
 Ice Form                 Ice/Tmut       ######..     1%          4
 Leda's Liquefaction      Hex/Erth       ######....   1%          4
 Petrify                  Tmut/Erth      #######.     1%          4
 Sticky Flame             Conj/Fire      #######.     1%          4
 Summon Ice Beast         Ice/Summ       ######..     1%          4
 Agony                    Necr           #######.     1%          5
 Blade Hands              Tmut           #######...   1%          5
 Bolt of Magma            Conj/Fire/Erth #######...   1%          5
 Borgnjor's Vile Clutch   Necr/Erth      #######...   1%          5
 Fireball                 Conj/Fire      #######...   1%          5
 Irradiate                Conj/Tmut      #######...   1%          5
 Lee's Rapid Deconstruct  Erth           ######....   1%          5
 Lightning Bolt           Conj/Air       #######...   1%          5
 Silence                  Hex/Air        ######....   1%          5
 Summon Demon             Summ           ######....   1%          5
 Summon Forest            Summ/Tloc      #######...   1%          5
 Yara's Violent Unravell  Hex/Tmut       #######...   1%          5
 Death Channel            Necr           #######...   1%          6
 Dispersal                Tloc           #######...   1%          6
 Freezing Cloud           Conj/Ice/Air   #######...   1%          6
 Hydra Form               Tmut           #######...   1%          6
 Iron Shot                Conj/Erth      #######...   1%          6
 Starburst                Conj/Fire      #######...   1%          6
 Dragon Form              Tmut           #######...   3%          7
 Shadow Creatures         Summ           N/A          7%          6
 Disjunction              Tloc           #######...   7%          8
 Haunt                    Necr/Summ      #######...   16%         7
 Summon Hydra             Summ           ######....   38%         7
 Borgnjor's Revivificati  Necr           #######...   47%         8
 Infestation              Necr           #######...   47%         8
 Discord                  Hex            ######....   86%         8
 Death's Door             Necr           #######...   100%        9
 Dragon's Call            Summ           ######....   100%        9
 Shatter                  Erth           ######....   100%        9
 Tornado                  Air            #######...   100%        9


Dungeon Overview and Level Annotations

Branches:
Dungeon (15/15)            Temple (0/1) D:5            Lair (6/6) D:8
 Shoals (4/4) Lair:4        Snake (4/4) Lair:4        Slime (2/5) Lair:6
    Orc (2/2) D:12            Elf (3/3) Orc:2        Vaults (5/5) D:13
  Crypt (3/3) Vaults:2       Tomb (0/3) Crypt:3      Depths (5/5) D:15
   Hell (visited)             Dis (0/7) Hell            Geh (0/7) Hell
    Coc (0/7) Hell            Tar (0/7) Hell            Zot (5/5) Depths:5
Ossuary (visited)           IceCv (visited)

Altars:
Cheibriados
Gozag
Kikubaaqudgha
Qazlal
Sif Muna
Yredelemnul
Zin
The Shining One
Beogh

Shops:
Orc:2 :*([   Snake:2 }=}:   Snake:3 *[=*(   Vaults:1 [   Vaults:2 (*[:(
Vaults:4 (   Depths:1 [

Portals:
Hell: Depths:1 Depths:2 Depths:3 Depths:4 Depths:5
Abyss: Depths:2 Depths:4 Depths:5
Pandemonium: Depths:3 Depths:5
Ziggurat: Depths:4

Annotations:
D:7 1 runed translucent door, Crazy Yiuf
Lair:4 exclusion: oklob plant
Lair:5 exclusions: ice statue and 4 oklob plants
Elf:1 6 runed translucent doors
Elf:2 5 runed translucent doors
Zot:5 exclusion: storm dragon


Innate Abilities, Weirdness & Mutations

You cannot wear boots.
Your serpentine skin is tough. (AC +9)
You have supernaturally acute eyesight. (SInv)
Armour fits poorly on your strangely shaped body.
Your system is resistant to poisons. (rPois)
You cover ground very slowly.
You can spit poison.
You can use your snake-like lower body to constrict enemies.
Your spells are a little easier to cast, but a little less powerful.


Message History

A golden eye is nearby!
You are splashed with acid!
You resist.
You are splashed with acid!
You resist.
You are splashed with acid!
You resist.
The golden eye blinks!
The golden eye blinks at you. You resist with almost no effort.
The golden eye blinks at you. You resist with almost no effort.
The golden eye blinks at you. You resist with almost no effort.
Unknown command.
You slice the golden eye!!
You kill the golden eye!
Cheibriados thoroughly appreciates the change of pace.
No target in view!
No target in view!
No target in view!
No target in view!
Unknown command.
Are you sure you want to abandon this character and quit the game? (Confirm with "yes".)

#.........#.
#..........###
#............## ##
#.............# .###
#............# ...##
##...........###....#
#.............#.#..##
#...................##
#..>...<.....@.......#
#...................#
#.....#......#.....##
#.....##......#...##
##.... ##....###.##
#.... #...### ## #....
....## ##.. ....##
...#


There were no monsters in sight!

Vanquished Creatures
  An ancient lich (Vaults:5)
  Khufu (Crypt:2)
  Mennas (Depths:2)
  3 greater mummies (Crypt:2)
  4 curse toes
  11 golden dragons
  Jory (Depths:3)
  A caustic shrike (Depths:3)
  Nikola (Vaults:3)
  Geryon (Hell)
  2 bone dragons
  the Enchantress (Depths:2)
  An electric golem (Zot:3)
  15 tentacled monstrosities
  A hellephant (Hell)
  6 liches
  5 Orb Guardians (Zot:5)
  2 deep elf blademasters (Elf:3)
  Murray (Hell)
  3 titans (Vaults:5)
  Asterion (Depths:1)
  7 quicksilver dragons
  2 deep elf master archers (Elf:3)
  4 death cobs
  9 ancient champions
  A kraken (Shoals:4)
  A sphinx (shapeshifter) (Depths:4)
  11 sphinxes
  Gastronok (Lair:2)
  5 acid blobs (Slime:1)
  Polyphemus (Shoals:4)
  14 shadow dragons
  3 daevas (Depths:2)
  14 storm dragons
  Donald (Vaults:4)
  2 revenants (Crypt:1)
  4 tengu reavers (Vaults:5)
  An azure jelly (Slime:2)
  10 draconian monks
  6 fire giants
  9 nagarajas
  12 vault wardens
  2 ghost moths
  8 frost giants
  5 draconian knights
  An iron dragon (Vaults:5)
  6 deep elf sorcerers
  4 draconian scorchers
  Aizul (Vaults:4)
  A curse skull (Crypt:2)
  A juggernaut zombie (Depths:2)
  An orc warlord (Orc:2)
  6 draconian stormcallers
  3 draconian annihilators (Zot:1)
  15 ghouls
  3 angels (Depths:2)
  19 ironheart preservers
  4 war gargoyles
  3 deep elf elementalists (Elf:3)
  4 draconian shifters
  9 reapers
  4 spriggan defenders
  The ghost of Amumean the Geomancer, a journeyman GrEE of Vehumet (D:15)
  3 entropy weavers
  22 very ugly things
  8 deep elf demonologists
  12 green draconians
  21 stone giants
  2 lorocyprocas
  17 white draconians
  6 purple draconians
  6 yellow draconians
  8 vampire knights
  4 black draconians
  7 deep elf annihilators
  Azrael (Elf:1)
  A large abomination (Vaults:5)
  3 spark wasps (Depths:5)
  5 eidola
  6 red draconians
  12 crystal guardians
  16 ettins
  7 deep elf death magi
  A mummy priest (Crypt:3)
  7 merfolk javelineers
  3 blizzard demons
  7 jiangshi
  A quicksilver dragon zombie (Crypt:2)
  7 fire dragons
  A green death (Hell)
  14 ogre magi
  A great orb of eyes (shapeshifter) (Depths:4)
  8 merfolk impalers
  5 great orbs of eyes
  9 deep elf high priests
  7 rakshasas
  8 hydras
  14 naga warriors
  8 ice dragons
  30 vault guards
  10 yaktaur captains
  Fannar (D:10)
  The ghost of Uret the Basher, a journeyman GrFi of Zin (D:13)
  A hell beast (Depths:5)
  A juggernaut simulacrum (Depths:2)
  6 spriggan air magi
  6 centaur warriors
  A quicksilver dragon skeleton (Crypt:1)
  2 catoblepae (Lair:6)
  4 merfolk avatars
  9 anacondas
  46 two-headed ogres
  4 alligator snapping turtles
  5 death knights
  3 satyrs
  26 dancing weapons
  5 merfolk aquamancers
  A small abomination (Elf:3)
  8 shock serpents
  7 death yaks
  5 tengu warriors
  4 deep troll shamans
  7 deep troll earth magi
  A shock serpent (shapeshifter) (Depths:4)
  7 spriggan berserkers
  Urug (Lair:4)
  3 orc high priests
  Nergalle (D:11)
  4 vampire magi
  19 naga sharpshooters
  6 sun demons
  4 soul eaters
  A titan zombie (Crypt:3)
  16 deep elf knights
  2 iron golems
  Sonja (Lair:2)
  3 iron trolls
  30 skeletal warriors
  3 shadow wraiths
  25 hell knights
  2 entropy weaver zombies
  5 unseen horrors
  2 sea snakes (shapeshifter)
  2 salamander mystics (Snake:4)
  A storm dragon skeleton (Crypt:1)
  10 sea snakes
  An anaconda zombie (Crypt:2)
  2 glowing orange brains
  6 cherubim (Depths:2)
  A glowing orange brain (shapeshifter) (Depths:4)
  A quicksilver dragon simulacrum (Crypt:2)
  33 deep trolls
  17 ironbrand convokers
  5 wizards
  16 deep elf archers
  13 necromancers
  11 naga ritualists
  6 phantasmal warriors
  2 anaconda skeletons (Hell)
  22 harpies
  5 flayed ghosts
  A swamp dragon (Lair:6)
  2 shadow dragon zombies
  A harpy (shapeshifter) (D:12)
  2 lindwurms (Lair:6)
  4 obsidian statues (Depths:4)
  15 mana vipers
  An oklob plant (Lair:5)
  48 deep elf magi
  20 fauns
  A sphinx zombie (Crypt:2)
  A frost giant zombie (Hell)
  25 moths of wrath
  10 manticores
  A shining eye (shapeshifter) (Depths:4)
  2 fire giant zombies
  10 orc knights
  26 ugly things
  2 wolf spiders
  9 orc sorcerers
  9 salamanders
  A shining eye (Slime:1)
  8 cyclopes
  A faun (shapeshifter) (Depths:4)
  7 elephants
  A frost giant skeleton (Crypt:3)
  A guardian serpent (shapeshifter) (Depths:5)
  10 rust devils
  52 black mambas
  A guardian serpent (Snake:3)
  2 ice statues
  2 stone giant zombies
  A water nymph (shapeshifter) (Depths:4)
  A molten gargoyle (Depths:4)
  14 merfolk sirens
  2 smoke demons
  Maurice (D:10)
  4 centaur zombies
  10 water nymphs
  18 naga magi
  A titan simulacrum (Hell)
  19 vault sentinels
  An orange demon (Depths:5)
  10 cane toads
  7 gargoyles
  2 shock serpent skeletons (Crypt:3)
  A hellion (Hell)
  3 torpor snails
  An eye of devastation (Slime:1)
  A demonic crawler (Hell)
  2 kobold demonologists
  7 rime drakes
  54 yaktaurs
  A yaktaur (shapeshifter) (Depths:2)
  A pale draconian zombie (Crypt:3)
  A rime drake (shapeshifter) (Vaults:2)
  9 komodo dragons
  An efreet (D:12)
  A grey draconian skeleton (Crypt:1)
  7 ice devils
  6 tengu conjurers
  9 guardian mummies (Crypt:3)
  2 red devils (Hell)
  10 freezing wraiths
  2 hellwings
  3 hydra zombies (Hell)
  5 polar bears
  A queen bee (D:15)
  9 trolls
  4 anaconda simulacra (IceCv)
  A golden dragon simulacrum (Hell)
  A white draconian skeleton (Crypt:3)
  12 wind drakes
  3 jumping spiders (shapeshifter)
  A shadow dragon simulacrum (Hell)
  2 wind drakes (shapeshifter)
  A jumping spider (Vaults:5)
  A meliai (D:15)
  A wolf spider simulacrum (IceCv)
  28 merfolk
  4 raiju (Depths:4)
  A hydra skeleton (Hell)
  11 hornets
  A jumping spider zombie (Crypt:2)
  7 snapping turtles
  17 blink frogs
  2 alligator zombies (Hell)
  35 slime creatures
  A harpy skeleton (Crypt:3)
  A blink frog (shapeshifter) (Vaults:1)
  10 hippogriffs
  6 dream sheep
  2 hippogriffs (shapeshifter)
  A meliai zombie (D:13)
  A dream sheep (shapeshifter) (Depths:4)
  2 ice dragon zombies
  8 bog bodies
  A snapping turtle (shapeshifter) (Depths:4)
  A spriggan zombie (Depths:2)
  3 shadows
  6 redbacks
  4 air elementals
  22 water elementals
  3 spriggans
  A tarantella (Vaults:5)
  A fire dragon skeleton (Crypt:3)
  28 yaks
  3 dire elephant simulacra (IceCv)
  A shapeshifter (Elf:3)
  13 wraiths
  3 hogs (shapeshifter)
  A tarantella (shapeshifter) (Elf:3)
  2 vampires (Crypt:3)
  13 fire elementals
  2 basilisks
  A chaos spawn (Depths:5)
  11 golden eyes
  3 vampire mosquitoes (D:13)
  A steam dragon (Lair:6)
  Grum (D:11)
  52 nagas
  4 harpy simulacra (IceCv)
  A human simulacrum (Vaults:2)
  10 wargs
  2 insubstantial wisps (Depths:4)
  A deep troll zombie (Crypt:3)
  A soldier ant (shapeshifter) (Vaults:5)
  10 water moccasins
  An acid dragon (Lair:6)
  7 hell hounds
  7 porcupines
  A torturous demonspawn zombie (Crypt:1)
  6 hydra simulacra
  2 floating eyes
  A black bear (D:8)
  4 ice beasts
  A merfolk skeleton (Crypt:1)
  A gelid demonspawn skeleton (Crypt:3)
  A hornet zombie (Crypt:3)
  2 sky beasts (D:14)
  2 swamp drakes (Lair:6)
  An alligator simulacrum (IceCv)
  38 orc warriors
  2 phantoms
  3 wolves
  3 eyes of draining
  6 necrophages
  40 ogres
  14 boggarts
  17 centaurs
  10 crocodiles
  4 big kobolds
  A draconian zombie (Crypt:2)
  Blork the orc (Orc:2)
  7 earth elementals (Depths:4)
  A gnoll sergeant (D:8)
  15 bullfrogs
  3 water moccasin zombies (Ossuary)
  A wyvern zombie (D:13)
  3 wyvern skeletons
  2 scorpions
  A troll zombie (Crypt:3)
  A polar bear zombie (Crypt:1)
  A snapping turtle simulacrum (Hell)
  5 killer bees (D:15)
  4 wights (D:10)
  A polar bear skeleton (Crypt:3)
  8 electric eels
  2 howler monkeys (D:13)
  A lava snake (D:13)
  3 draconian simulacra (IceCv)
  4 hounds
  A wolf skeleton (Crypt:2)
  A centaur skeleton (D:10)
  12 jellies
  18 orc priests
  5 bullfrog skeletons
  A gnoll shaman (D:9)
  An iron imp (Depths:5)
  10 hell rats (Hell)
  27 orc wizards
  7 iguanas
  Natasha (thrice) (D:4)
  5 worker ants
  2 troll simulacra (IceCv)
  A polar bear simulacrum (IceCv)
  2 spriggan simulacra
  2 wolf simulacra (IceCv)
  A killer bee zombie (D:9)
  A nameless horror (Vaults:3)
  2 centaur simulacra (IceCv)
  A demigod skeleton (Crypt:2)
  An ogre skeleton (Crypt:2)
  A hound skeleton (D:10)
  2 mummies (Ossuary)
  A worker ant zombie (D:11)
  20 gnolls
  4 adders
  4 naga simulacra (IceCv)
  A scorpion zombie (Crypt:3)
  3 ogre simulacra (IceCv)
  12 white imps
  8 ufetubi
  11 oozes
  6 adder zombies
  A lava snake skeleton (Crypt:1)
  An adder skeleton (D:8)
  4 worms (D:2)
  3 ball lightnings (Depths:4)
  A dart slug (D:2)
  3 leopard geckos
  72 orcs
  7 bats
  4 giant cockroaches
  2 gnoll zombies (Ossuary)
  21 goblins
  4 hobgoblins
  9 jackals
  2 quokkas
  8 frilled lizards
  A hobgoblin skeleton (Crypt:3)
  6 hobgoblin zombies (Ossuary)
  30 kobolds
  4 kobold zombies (Ossuary)
  2 leopard gecko zombies
  6 orc zombies (Ossuary)
  A quokka skeleton (D:9)
  11 rats
  A crawling corpse (Vaults:5)
  5 fungi
  11 plants
  4 tentacles (Shoals:4)
2548 creatures vanquished.

Vanquished Creatures (collateral kills)
  A storm dragon (Zot:3)
  A nagaraja (Snake:4)
  A draconian scorcher (Zot:3)
  A frost giant (Vaults:3)
  3 deep elf elementalists (Elf:3)
  2 deep elf annihilators (Elf:3)
  An ettin (Vaults:3)
  2 merfolk impalers (Shoals:4)
  2 great orbs of eyes (Slime:1)
  A catoblepas (Shoals:4)
  2 dancing weapons
  A merfolk avatar (Shoals:2)
  2 merfolk aquamancers
  A death yak (Shoals:4)
  An ogre mage (Vaults:3)
  2 two-headed ogres (Vaults:3)
  An anaconda (Snake:3)
  2 naga sharpshooters (Snake:4)
  A sea snake (Shoals:4)
  An ironbrand convoker (Vaults:3)
  2 naga ritualists (Snake:4)
  An orc knight (Vaults:3)
  9 harpies
  An orc sorcerer (Elf:1)
  3 salamanders
  A deep elf mage (Elf:3)
  2 manticores
  3 fauns
  5 ball lightnings
  A merfolk siren (Shoals:4)
  4 naga magi (Snake:4)
  A guardian serpent (Snake:4)
  A water nymph (Shoals:3)
  A yaktaur (Vaults:2)
  A wind drake (Shoals:3)
  15 merfolk
  A red devil (Depths:1)
  A troll (Vaults:3)
  3 slime creatures (Slime:1)
  A water elemental (Shoals:2)
  3 fire elementals (Hell)
  A golden eye (Slime:1)
  2 nagas (Snake:4)
  2 hell hounds (Elf:1)
  An orc warrior (Vaults:3)
  A naga skeleton (Crypt:3)
  3 orcs
99 creatures vanquished.

Vanquished Creatures (others)
  A ghost moth (Zot:3)
  3 war gargoyles (Depths:4)
  A vampire knight (Depths:3)
  2 dancing weapons
  A glowing orange brain (Depths:4)
  An ironbrand convoker (Vaults:3)
  154 ball lightnings
  An ugly thing (Depths:3)
  A yaktaur (Depths:1)
  A wind drake (Depths:4)
  2 water elementals (Depths:4)
  An orc priest (Elf:1)
  A hell rat (Hell)
  7 orcs (Elf:1)
  5 fungi
  11 plants
  4 tentacles (Shoals:4)
  11 toadstools (D:3)
208 creatures vanquished.

Grand Total: 2855 creatures vanquished

Notes
Turn   | Place    | Note
-------+----------+-------------------------------------------
     0 | D:1      | Morbidden the Naga Conjurer began the quest for the Orb.
     0 | D:1      | Reached XP level 1. HP: 15/15 MP: 3/3
   197 | D:1      | Reached XP level 2. HP: 21/22 MP: 1/5
   488 | D:1      | Learned a level 2 spell: Searing Ray
   612 | D:1      | Reached XP level 3. HP: 23/28 MP: 1/6
  1324 | D:2      | Reached skill level 5 in Conjurations
  1430 | D:2      | Reached XP level 4. HP: 36/36 MP: 4/7
  2151 | D:2      | Reached XP level 5. HP: 43/43 MP: 3/9
  2700 | D:3      | Reached skill level 1 in Fighting
  2841 | D:3      | Reached skill level 3 in Spellcasting
  2967 | D:3      | Reached XP level 6. HP: 45/51 MP: 5/11
  3589 | D:4      | You fall into a shaft and drop 2 floors!
  3637 | D:5      | Entered Level 5 of the Dungeon
  3706 | D:5      | Found a snail-covered altar of Cheibriados.
  3712 | D:5      | Became a worshipper of Cheibriados the Contemplative
  3741 | D:4      | Noticed a two-headed ogre
  3751 | D:4      | Killed a two-headed ogre
  3751 | D:4      | Reached skill level 1 in Short Blades
  3751 | D:4      | Reached skill level 1 in Armour
  3751 | D:4      | Reached skill level 1 in Shields
  3751 | D:4      | Reached skill level 5 in Spellcasting
  3751 | D:4      | Reached XP level 7. HP: 32/61 MP: 3/14
  3751 | D:4      | Reached XP level 8. HP: 35/68 MP: 3/15
  3852 | D:4      | Noticed Natasha
  3855 | D:4      | Killed Natasha
  3864 | D:4      | Found a sand-covered staircase.
  3872 | Ossuary  | Entered an ossuary
  3972 | Ossuary  | Reached skill level 1 in Invocations
  4052 | Ossuary  | Reached * piety under Cheibriados
  4353 | D:4      | Noticed Natasha
  4362 | D:4      | Killed Natasha
  4368 | D:4      | Noticed Natasha
  4372 | D:4      | Killed Natasha
  4595 | D:4      | Reached ** piety under Cheibriados
  5403 | D:5      | Found a staircase to the Ecumenical Temple.
  7049 | D:7      | Reached XP level 9. HP: 78/78 MP: 15/17
  7225 | D:7      | Reached *** piety under Cheibriados
  7226 | D:7      | Reached skill level 5 in Stealth
  7532 | D:7      | Found an opulent altar of Gozag.
  7770 | D:7      | Found a runed translucent door.
  7771 | D:7      | Noticed Crazy Yiuf
  8031 | D:8      | Reached skill level 6 in Spellcasting
  8038 | D:8      | Reached **** piety under Cheibriados
  8159 | D:8      | Identified the +1 robe of the Sun {Str+4 Stlth+}
  8884 | D:8      | Found a staircase to the Lair.
  8891 | D:8      | Reached skill level 5 in Fighting
  8891 | D:8      | Reached XP level 10. HP: 88/88 MP: 12/19
  9058 | D:9      | Noticed a two-headed ogre
  9073 | D:9      | Killed a two-headed ogre
  9201 | D:9      | Reached ***** piety under Cheibriados
  9523 | D:9      | Learned a level 4 spell: Iskenderun's Mystic Blast
  9801 | D:9      | Reached skill level 7 in Spellcasting
 10080 | D:9      | Learned a level 3 spell: Inner Flame
 10100 | D:10     | Entered Level 10 of the Dungeon
 10201 | D:10     | Noticed a two-headed ogre
 10206 | D:10     | Killed a two-headed ogre
 10206 | D:10     | Reached skill level 5 in Invocations
 10338 | D:10     | Reached skill level 1 in Translocations
 10505 | D:10     | Noticed Fannar
 10548 | D:10     | Killed Fannar
 10548 | D:10     | Reached skill level 1 in Fire Magic
 10745 | D:10     | Reached skill level 8 in Spellcasting
 10745 | D:10     | Reached skill level 1 in Hexes
 10745 | D:10     | Reached XP level 11. HP: 97/97 MP: 13/23
 11407 | D:10     | Noticed Maurice
 11414 | D:10     | Killed Maurice
 11856 | D:11     | Noticed Grum
 11866 | D:11     | Killed Grum
 12107 | D:11     | Noticed a two-headed ogre
 12111 | D:11     | Killed a two-headed ogre
 12161 | D:11     | Noticed Nergalle
 12174 | D:11     | Killed Nergalle
 12204 | D:11     | Noticed a cyclops
 12244 | D:11     | Killed a cyclops
 12775 | D:12     | Reached skill level 9 in Spellcasting
 12785 | D:12     | Noticed a two-headed ogre
 12790 | D:12     | Killed a two-headed ogre
 12801 | D:12     | Noticed a brown ugly thing
 12808 | D:12     | Killed a brown ugly thing
 12808 | D:12     | Reached XP level 12. HP: 65/106 MP: 10/25
 12816 | D:12     | Noticed a death knight
 13085 | Lair:1   | Entered Level 1 of the Lair of Beasts
 13123 | Lair:1   | Reached ****** piety under Cheibriados
 13500 | Lair:1   | Noticed an eight-headed hydra
 13506 | Lair:1   | Killed an eight-headed hydra
 13627 | Lair:1   | Noticed a five-headed hydra
 13639 | Lair:1   | Killed a five-headed hydra
 13804 | Lair:1   | You fall into a shaft and drop 1 floor!
 13972 | Lair:1   | Reached skill level 5 in Armour
 14136 | Lair:2   | Noticed Sonja
 14140 | Lair:2   | Killed Sonja
 14171 | Lair:2   | Reached skill level 10 in Spellcasting
 14316 | Lair:2   | Noticed Gastronok
 14507 | Lair:2   | Identified the +4 robe "Jeryow" {Str+2 Stlth+} (You found
                  | it on level 2 of the Lair of Beasts)
 14668 | Lair:2   | Killed Gastronok
 14668 | Lair:2   | Reached skill level 10 in Conjurations
 14964 | Lair:2   | Learned a level 4 spell: Cause Fear
 15396 | Lair:2   | Gained mutation: You can use your snake-like lower body to
                  | constrict enemies. [Naga growth]
 15396 | Lair:2   | Reached XP level 13. HP: 117/117 MP: 27/27
 16644 | Lair:4   | Found a staircase to the Snake Pit.
 17099 | Lair:4   | Found a staircase to the Shoals.
 17152 | Lair:4   | Noticed Urug
 17159 | Lair:4   | Killed Urug
 17159 | Lair:4   | Reached skill level 5 in Dodging
 17266 | Lair:4   | Reached skill level 5 in Short Blades
 17935 | Lair:5   | Reached skill level 11 in Spellcasting
 17941 | Lair:5   | Noticed an ice dragon
 18560 | Lair:5   | Killed an ice dragon
 19343 | Lair:6   | Entered Level 6 of the Lair of Beasts
 19343 | Lair:6   | Found a staircase to the Slime Pits.
 19454 | Lair:6   | Reached XP level 14. HP: 114/129 MP: 29/29
 19801 | Lair:6   | Got a smoking great sword
 19828 | Lair:6   | Identified the +3 great sword "Worm's Wrath" {holy, rElec
                  | rF- Str+2} (You found it on level 6 of the Lair of Beasts)
 22689 | D:12     | Found a staircase to the Orcish Mines.
 22838 | D:12     | You fall into a shaft and drop 2 floors!
 22894 | D:14     | Reached skill level 12 in Spellcasting
 23342 | D:14     | Reached skill level 10 in Fighting
 23345 | D:14     | Reached XP level 15. HP: 85/138 MP: 14/31
 23818 | D:13     | Found a runed translucent gate.
 23818 | D:13     | Found a runed translucent gate.
 23818 | D:13     | Found a runed translucent gate.
 23821 | D:13     | Noticed Uret's ghost (journeyman GrFi)
 23940 | D:13     | Reached skill level 10 in Invocations
 24276 | D:13     | Found a gate to the Vaults.
 24871 | D:13     | Killed Uret's ghost
 24878 | D:13     | Got a wavering bone ring
 24885 | D:13     | Got a warped chain mail
 24887 | D:13     | Identified the +0 chain mail of Itijysti {+Fly Regen+} (You
                  | found it on level 13 of the Dungeon)
 24910 | D:13     | Identified the ring of Luesm {rC+ MP+9 Int+4 Dex+4} (You
                  | found it on level 13 of the Dungeon)
 25027 | D:12     | Got a fine amber ring
 25306 | D:15     | Entered Level 15 of the Dungeon
 25383 | D:15     | Identified the ring of Ichafoy {rN+ MR+ MP+9 Int+4 SInv}
                  | (You found it on level 12 of the Dungeon)
 25814 | D:15     | Found a staircase to the Depths.
 25919 | D:15     | Got a dazzling cloak
 25930 | D:15     | Identified the +2 cloak of Tarriq {Harm rPois Int-2 Dex+6}
                  | (You found it on level 15 of the Dungeon)
 25960 | D:15     | Found a transporter.
 25964 | D:15     | Found a transporter.
 25974 | D:15     | Noticed Amumean's ghost (journeyman GrEE)
 26028 | D:15     | Killed Amumean's ghost
 26739 | Orc:1    | Entered Level 1 of the Orcish Mines
 26799 | Orc:2    | Entered Level 2 of the Orcish Mines
 27841 | Orc:2    | Noticed an orc warlord
 27848 | Orc:2    | Noticed Blork the orc
 27856 | Orc:2    | Killed an orc warlord
 27856 | Orc:2    | Reached XP level 16. HP: 85/147 MP: 23/32
 27868 | Orc:2    | Killed Blork the orc
 28006 | Orc:2    | Found a roughly hewn altar of Beogh.
 28187 | Orc:2    | Found Ganim's Book Emporium.
 28225 | Orc:2    | Found Wagyopesh's General Store.
 28308 | Orc:2    | Found Geuben's Antique Armour Emporium.
 28314 | Orc:2    | Bought a pair of glowing gloves for 195 gold pieces
 28386 | Orc:2    | Found a staircase to the Elven Halls.
 28471 | Orc:2    | Found Qablitre's Antique Weapon Emporium.
 28477 | Orc:2    | Bought a runed demon trident for 432 gold pieces
 28497 | Orc:2    | Bought a masterwork helmet for 247 gold pieces
 28497 | Orc:2    | Identified the +0 helmet of Tekami {MR- Int+6 Dex+3} (You
                  | bought it in a shop on level 2 of the Orcish Mines)
 28949 | Snake:1  | Entered Level 1 of the Snake Pit
 29252 | Snake:1  | Reached skill level 1 in Polearms
 29928 | Snake:1  | HP: 5/149 [naga sharpshooter/exploding inner flame[the
                  | player character] (36)]
 30304 | Snake:1  | Reached skill level 13 in Spellcasting
 30304 | Snake:1  | Reached skill level 5 in Shields
 30523 | Snake:2  | Reached skill level 5 in Translocations
 30686 | Snake:2  | Noticed a nagaraja
 31141 | Snake:2  | Noticed a nagaraja
 31154 | Snake:2  | Killed a nagaraja
 31154 | Snake:2  | Reached XP level 17. HP: 143/158 MP: 34/34
 31766 | Snake:2  | Found Ymoshi Qygu's Book Shop.
 32008 | Snake:2  | Learned a level 4 spell: Summon Lightning Spire
 32068 | Snake:2  | Found Iptyf's Gadget Shoppe.
 32068 | Snake:2  | Found Gatt's Jewellery Shop.
 32145 | Snake:2  | Found Suduvog's Gadget Shoppe.
 32150 | Snake:2  | Bought a box of beasts (3/3) for 380 gold pieces
 32156 | Snake:2  | Bought a condenser vane (2/2) for 280 gold pieces
 32385 | Snake:3  | Found a frozen archway.
 32408 | IceCv    | Entered an ice cave
 33220 | IceCv    | Reached skill level 1 in Evocations
 33824 | IceCv    | Got a pair of bloodstained gloves
 33835 | IceCv    | Identified the cursed +0 pair of gloves of the Valley {rF-
                  | rC+ MR++ Regen+} (You found it in an ice cave)
 33941 | Snake:3  | Found Momobargh's Antique Armour Boutique.
 34181 | Snake:3  | Found Navax's Jewellery Emporium.
 34198 | Snake:3  | Reached skill level 14 in Spellcasting
 34288 | Snake:3  | Found Cuerphumn's Weapon Shoppe.
 34288 | Snake:3  | Found Mykamemn's General Store.
 34293 | Snake:3  | Found Qamusy's Assorted Antiques.
 34299 | Snake:3  | Bought a scroll labeled ALICVU KAMOO for 31 gold pieces
 35165 | Snake:4  | Entered Level 4 of the Snake Pit
 35165 | Snake:4  | Found a stormy altar of Qazlal.
 35526 | Snake:4  | Reached skill level 10 in Stealth
 36021 | Snake:4  | Reached XP level 18. HP: 89/168 MP: 36/36
 36374 | Snake:4  | Reached skill level 1 in Air Magic
 36866 | Snake:4  | Upgraded the game from 0.26-a0-541-g3b3d21e777 to
                  | 0.26-a0-542-gbaa144ba5c
 37291 | Snake:4  | Reached skill level 1 in Throwing
 37444 | Snake:4  | Got a serpentine rune of Zot
 38059 | Vaults:1 | Entered Level 1 of the Vaults
 38292 | Vaults:1 | Learned a level 6 spell: Conjure Ball Lightning
 38426 | Vaults:1 | Reached skill level 5 in Evocations
 39122 | Vaults:1 | Found Otodeuca's Armour Boutique.
 39127 | Vaults:1 | Bought the +2 kite shield of Divine Compulsion {rCorr Dex-3
                  | Slay+4 SInv} for 752 gold pieces
 39305 | Vaults:1 | You fall into a shaft and drop 1 floor!
 39586 | Vaults:2 | Found Mob Deoc's Antique Weapon Shoppe.
 39704 | Vaults:2 | Found a staircase to the Crypt.
 39704 | Vaults:2 | Found an ancient bone altar of Kikubaaqudgha.
 39705 | Vaults:2 | Found a basalt altar of Yredelemnul.
 39746 | Vaults:2 | Found Haimm's Assorted Antiques.
 39880 | Vaults:2 | Reached skill level 1 in Summonings
 40022 | Vaults:2 | Found Zofaxouqi's Antique Armour Emporium.
 40023 | Vaults:2 | Found Samymaom's Book Shoppe.
 40031 | Vaults:2 | Reached XP level 19. HP: 109/178 MP: 23/37
 40250 | Vaults:2 | Found Xigeewn's Weapon Shoppe.
 40676 | Vaults:2 | Reached skill level 15 in Spellcasting
 42221 | Vaults:3 | Identified the +2 pair of gloves "Agge" {Rampage rC+}
 42221 | Vaults:3 | Noticed Nikola
 42235 | Vaults:3 | Killed Nikola
 42869 | Vaults:3 | Learned a level 5 spell: Summon Mana Viper
 43290 | Vaults:3 | Reached XP level 20. HP: 18/188 MP: 22/39
 44599 | Vaults:4 | Found a shimmering blue altar of Sif Muna.
 44613 | Vaults:4 | Reached skill level 5 in Hexes
 44759 | Vaults:4 | Found Nosiem Xero's Antique Weapon Emporium.
 45539 | Vaults:4 | Noticed Aizul
 45551 | Vaults:4 | Killed Aizul
 45856 | Vaults:4 | Noticed Donald
 45859 | Vaults:4 | Killed Donald
 46404 | Shoals:1 | Entered Level 1 of the Shoals
 47687 | Shoals:2 | You fall into a shaft and drop 1 floor!
 47699 | Shoals:3 | Reached XP level 21. HP: 119/198 MP: 33/40
 47752 | Shoals:3 | Reached skill level 16 in Spellcasting
 50216 | Shoals:4 | Entered Level 4 of the Shoals
 50301 | Shoals:4 | Learned a level 6 spell: Statue Form
 50380 | Shoals:4 | Reached skill level 1 in Earth Magic
 50385 | Shoals:4 | Reached skill level 10 in Short Blades
 50439 | Shoals:4 | Reached skill level 1 in Transmutations
 50688 | Shoals:4 | Noticed Polyphemus
 50700 | Shoals:4 | Killed Polyphemus
 50974 | Shoals:4 | Reached skill level 10 in Evocations
 51265 | Shoals:4 | Got a barnacled rune of Zot
 52290 | Elf:1    | Entered Level 1 of the Elven Halls
 52290 | Elf:1    | Noticed Azrael
 52297 | Elf:1    | Killed Azrael
 52627 | Elf:1    | Found a runed translucent gate.
 52627 | Elf:1    | Found a runed translucent gate.
 52627 | Elf:1    | Found a runed translucent gate.
 52627 | Elf:1    | Found a runed translucent gate.
 52627 | Elf:1    | Found a runed translucent gate.
 52636 | Elf:1    | Found a runed translucent gate.
 53084 | Elf:1    | Reached XP level 22. HP: 208/208 MP: 42/42
 54000 | Elf:2    | Reached skill level 15 in Fighting
 54106 | Elf:2    | Found a huge runed translucent gate.
 54106 | Elf:2    | Found a huge runed translucent gate.
 54106 | Elf:2    | Found a huge runed translucent gate.
 54106 | Elf:2    | Found a huge runed translucent gate.
 54107 | Elf:2    | Found a huge runed translucent gate.
 54455 | Elf:3    | Entered Level 3 of the Elven Halls
 55327 | Elf:3    | Identified the ring of Liberty {+Fly rElec MP+9 Str+5
                  | Int-4}
 55542 | Elf:3    | Reached skill level 5 in Earth Magic
 55793 | Elf:3    | Reached skill level 5 in Transmutations
 55846 | Elf:3    | Identified Asin's Tome of Blistering Execration
 55906 | Elf:3    | Identified the Catalogue of Captivating Weightlessness
 55922 | Elf:3    | Identified the Compendium of Weightlessness and Snow
 56271 | Depths:1 | Entered Level 1 of the Depths
 57108 | Snake:3  | Bought a steaming morningstar for 279 gold pieces
 57108 | Snake:3  | Identified the +5 morningstar of Tumult {flame, MR++} (You
                  | bought it in a shop on level 3 of the Snake Pit)
 57507 | Depths:1 | Found Gaeridd's Antique Armour Shop.
 57944 | Depths:1 | Reached XP level 23. HP: 161/218 MP: 43/43
 58342 | Depths:1 | Noticed Asterion
 58356 | Depths:1 | Killed Asterion
 58545 | Depths:1 | Found a gateway to Hell.
 58848 | Depths:2 | Noticed the Enchantress
 58851 | Depths:2 | Killed the Enchantress
 58949 | Depths:2 | Found a one-way gate to the infinite horrors of the Abyss.
 59685 | Depths:2 | Reached skill level 17 in Spellcasting
 59822 | Depths:2 | Learned a level 7 spell: Controlled Blink
 59976 | Depths:2 | Identified the +7 tower shield "Jyud" {rPois rC- Regen+}
 60441 | Depths:2 | Got a sparkling brass ring
 60462 | Depths:2 | Found a glowing silver altar of Zin.
 60462 | Depths:2 | Noticed Mennas
 60464 | Depths:2 | Identified the ring of Niupsycs {rC+ Dex+2 Stlth+} (You
                  | found it on level 2 of the Depths)
 60487 | Depths:2 | Killed Mennas
 60661 | Depths:2 | Reached skill level 10 in Dodging
 60862 | Depths:2 | Identified a scroll of acquirement
 60988 | Depths:2 | Acquired a +1 barding of cold resistance
 61052 | Depths:2 | Found the brooch of Shielding {Spirit SH+8}
 61558 | Depths:3 | Reached skill level 1 in Long Blades
 61561 | Depths:3 | Noticed Jory
 61586 | Depths:3 | Killed Jory
 61910 | Depths:3 | Found a one-way gate leading to the halls of Pandemonium.
 62033 | Depths:3 | Found a glowing golden altar of the Shining One.
 62162 | Depths:3 | Found an opulent altar of Gozag.
 62165 | Depths:3 | Identified the cursed +2 dire flail of Malaise {drain, rC++
                  | rN+ Dex-4}
 62183 | Depths:3 | Reached XP level 24. HP: 200/229 MP: 44/44
 62199 | Depths:3 | Reached skill level 5 in Long Blades
 62393 | Depths:3 | Paralysed by a floating eye for 2 turns
 62400 | Depths:3 | Noticed a caustic shrike
 62400 | Depths:3 | Paralysed by a floating eye for 3 turns
 62408 | Depths:3 | Killed a caustic shrike
 63311 | Depths:4 | Gained mutation: Your spells are a little easier to cast,
                  | but a little less powerful. [a shining eye]
 63552 | Depths:4 | Identified an amulet "Mucrisku" {Reflect MR+ SH+5} (You
                  | found it on level 4 of the Depths)
 63730 | Depths:4 | HP: 10/297 [crystal guardian/crystal bolt (21)]
 64629 | Depths:4 | Identified the ring "Imeuh" {Wiz Int+4} (You found it on
                  | level 4 of the Depths)
 64637 | Depths:4 | Found a gateway to a ziggurat.
 64674 | Depths:4 | Found the +4 dagger "Morg" {pain, MR+ Int+5}
 65176 | Depths:5 | Entered Level 5 of the Depths
 65615 | Depths:5 | Reached XP level 25. HP: 238/238 MP: 44/44
 65706 | Depths:5 | Reached skill level 10 in Shields
 65918 | Depths:5 | Found a gate to the Realm of Zot.
 66778 | Vaults:5 | Entered Level 5 of the Vaults
 66785 | Vaults:5 | Reached skill level 10 in Translocations
 66788 | Vaults:5 | Noticed an ancient lich
 66801 | Vaults:5 | Killed an ancient lich
 67551 | Vaults:5 | Reached XP level 26. HP: 248/248 MP: 44/44
 67636 | Vaults:5 | Identified the +6 falchion "Deculull" {vorpal, rPois}
 68040 | Vaults:5 | Reached skill level 18 in Spellcasting
 68061 | Vaults:5 | Identified the Compendium of Flight and Black Rites
 68322 | Vaults:5 | Learned a level 4 spell: Airstrike
 68900 | Vaults:5 | Learned a level 8 spell: Necromutation
 69064 | Vaults:5 | Got a silver rune of Zot
 69365 | Crypt:1  | Entered Level 1 of the Crypt
 70005 | Crypt:1  | Reached skill level 1 in Necromancy
 71002 | Crypt:2  | Noticed a greater mummy
 71002 | Crypt:2  | Noticed a greater mummy
 71004 | Crypt:2  | Noticed Khufu
 71007 | Crypt:2  | Noticed a greater mummy
 71013 | Crypt:2  | Killed Khufu
 71017 | Crypt:2  | Killed a greater mummy
 71020 | Crypt:2  | Killed a greater mummy
 71023 | Crypt:2  | Killed a greater mummy
 71764 | Crypt:3  | Entered Level 3 of the Crypt
 72161 | Crypt:3  | Found a staircase to the Tomb.
 72329 | Crypt:3  | Reached XP level 27. HP: 258/258 MP: 45/45
 72529 | Crypt:3  | Identified the ring "Xapn" {rF+ rN+ Int+6 Slay-6}
 72988 | Crypt:3  | Found an ancient bone altar of Kikubaaqudgha.
 72991 | Crypt:3  | Identified the Collected Works on Sinister Secrets
 72994 | Crypt:3  | Found a basalt altar of Yredelemnul.
 73038 | Crypt:3  | Identified Plog's Collected Works on Damaging Poisoning
 73773 | Hell     | Entered the Vestibule of Hell
 73773 | Hell     | Noticed Geryon
 73805 | Hell     | Killed Geryon
 74718 | Hell     | Noticed Murray
 74730 | Hell     | Reached skill level 5 in Necromancy
 74734 | Hell     | Killed Murray
 75065 | Hell     | Found a gateway to the ashen valley of Gehenna.
 75160 | Hell     | Found a gateway to the Iron City of Dis.
 75192 | Hell     | Found a gateway to the freezing wastes of Cocytus.
 75233 | Hell     | Upgraded the game from 0.26-a0-542-gbaa144ba5c to
                  | 0.26-a0-606-g3c8f2f65f7
 75272 | Hell     | Found a gateway to the decaying netherworld of Tartarus.
 75439 | Zot:1    | Entered Level 1 of the Realm of Zot
 75468 | Zot:1    | Paralysed by a Zot trap for 3 turns
 75474 | Zot:1    | Reached skill level 10 in Armour
 76053 | Zot:1    | Upgraded the game from 0.26-a0-606-g3c8f2f65f7 to
                  | 0.26-a0-610-g3e9335bbc7
 76938 | Zot:1    | Reached skill level 5 in Air Magic
 78319 | Zot:3    | Reached skill level 19 in Spellcasting
 78381 | Zot:3    | You fall into a shaft and drop 1 floor!
 79016 | Zot:3    | Found a stormy altar of Qazlal.
 80192 | Zot:3    | Identified the Volume of the Zealot
 80201 | Zot:3    | Identified the Catalogue of Fire and Brimstone
 80574 | Zot:4    | Reached skill level 10 in Long Blades
 80855 | Zot:4    | Identified the ring of Qaoth {rC+ MR+ Int+4} (You found it
                  | on level 4 of the Realm of Zot)
 80963 | Zot:4    | Reached skill level 15 in Evocations
 82061 | Zot:5    | Entered Level 5 of the Realm of Zot
 83080 | Slime:1  | Entered Level 1 of the Pits of Slime
 84183 | Slime:2  | Upgraded the game from 0.26-a0-610-g3e9335bbc7 to
                  | 0.26-a0-611-g354ed81502
 84189 | Slime:2  | Quit the game

Illustrated notes

Levels and vault maps discovered:
D:1:      dpeg_arrival_pits, layout_rooms
D:2:      layout_basic, kennysheep_generic_room_5
D:3:      cheibrodos_fertilizer, layout_rooms, minmay_misc_feat_hallway
D:4:      cheibrodos_greedy_goblins, layout_cave_pools,
          lightli_ossuary_entry_decrepit_ruins, uniq_natasha
D:5:      layout_cave_pools, lemuel_crystal_altar, minmay_temple_entry_fiery,
          serial_column_ruins, column_ruins_columns_straight,
          column_ruins_open_small, column_ruins_columns_corner,
          column_ruins_open_medium, column_ruins_open_tiny,
          column_ruins_open_tiny, hangedman_decor_slide_cut
D:6:      layout_loops_ring, minmay_crystal_water
D:7:      layout_cave_pools, grunt_gozag_breadcrumbs, uniq_crazy_yiuf_cottage
D:8:      layout_basic, lair_entry_dummy
D:9:      layout_cave_pools
D:10:     layout_basic, minivault_27, uniq_fannar, uniq_maurice
D:11:     layout_gridville, item_on_display_a, uniq_nergalle, uniq_grum
D:12:     layout_cave_pools, david_orc_1_choice
D:13:     layout_roguey, hangedman_vaults_entry_quadrant_bands,
          gammafunk_ghost_spectres, kennysheep_donut
D:14:     layout_roguey, skrybe_limestone_x
D:15:     hangedman_depths_entry_civil_slaughter, layout_irregular_city,
          gammafunk_ghost_hive, minmay_misc_feat_pillars, nicolae_lava_and_water
Lair:1:   layout_long_grid, minmay_holes, chequers_serial_rivers_small_b,
          small_statue_intersection
Lair:2:   layout_long_grid, minivault_23, uniq_sonja, uniq_gastronok
Lair:3:   layout_chaotic_city, beast_lair_carwin_11, grunt_megastairs_2,
          infiniplex_staircase_pool
Lair:4:   layout_loops_ring, minmay_shoals_entry_lonely_mermaid,
          guppyfry_snake_entry_garden, minmay_lair_oklob_bushes, uniq_urug
Lair:5:   layout_gridlike, minivault_26, ice2_lemuel, serial_bayou_shore_b,
          minmay_lair_oklob_chamber
Lair:6:   hangedman_lair_in_review, layout_regular_city,
          guppyfry_lair_end_dragon, nicolae_slime_entry_slimehenge
Shoals:1: cheibrodos_shoals_oceanic_diplomacy, layout_shoals,
          nicolae_shoals_cliffside_cave
Shoals:2: layout_shoals
Shoals:3: layout_shoals, overgrown_tower
Shoals:4: shoals_end_simple, layout_shoals, uniq_polyphemus
Snake:1:  layout_grid_maze, guppyfry_snake_island
Snake:2:  nicolae_snake_nest, layout_onion, serial_shops, shop,
          serial_bayou_pond_c, guppyfry_library_mini, serial_bayou_shore_b,
          minmay_shop_grove
Snake:3:  layout_misc_corridors, serial_shops, shop,
          portal_ice_cave_entry_ice_statue_one,
          nicolae_snake_serpentine_hallways, serial_bayou_shore_b,
          minmay_shoptagon
Snake:4:  snake_pit, layout_cave_town, basic_altar, serial_bayou_pond_b
Slime:1:  nicolae_slime_pool, layout_caves
Slime:2:  layout_caves
Orc:1:    layout_diamond_mine
Orc:2:    grunt_orc_cross, layout_caves
Elf:1:    layout_gridlike, orc_legates, roderic_lattice_octagonal_star,
          uniq_azrael
Elf:2:    layout_geoelf_diagonals, ebering_dispersal_statue_hall
Elf:3:    minmay_elf_hall_spiked, layout_loops_corners, hangedman_elven_ridges
Vaults:1: vaults_room_hangedman_quadrants, nicolae_vaults_hallways_thing,
          ontoclasm_vaults_ligature, grunt_vaults_hallway_long,
          ontoclasm_vaults_eye, layout_vaults_omnigrid, serial_shops, shop
Vaults:2: ontoclasm_vaults_bender, nicolae_vaults_ring_of_whatevers, v_misc_13,
          hangedman_vaults_capsules, v_misc_2, minmay_crypt_entry_necro_gods,
          v_alt_pattern_2, hangedman_vaults_pinch, layout_vaults_chaotic_city,
          serial_shops, shop, nicolae_shop_trees, nicolae_shop_behind_doors,
          nicolae_shop_waterfront, shop
Vaults:3: hangedman_vaults_corner, nicolae_vaults_asterisk, v_pattern_1,
          ontoclasm_vaults_idyll, v_misc_3, hangedman_vaults_river_flow,
          nicolae_vaults_specimen_jars, grunt_vaults_trifunnel,
          vaults_room_hallway, nicolae_vaults_circle_grid_a,
          nicolae_vaults_network_star, layout_vaults_omnibox, serial_glass,
          uniq_nikola
Vaults:4: vaults_mumra_chevron_long, v_misc_4, hangedman_vaults_corner_blocks,
          grunt_vaults_twisty, nicolae_vaults_rhombus_5, v_alt_pattern_2,
          hangedman_vaults_trim, vaults_room_door_hall,
          vaults_standard_mumra_enter_the_diamond, vaults_room_fancy_cross,
          nicolae_vaults_angled_halls, vaults_room_pool,
          hangedman_vaults_stretched_pinwheel, layout_vaults_ring, serial_shops,
          shop, basic_altar, uniq_donald, uniq_aizul
Vaults:5
Crypt:1:  layout_catacombs
Crypt:2:  layout_catacombs, uniq_khufu
Crypt:3:  lightli_unholy_cathedral, layout_chaotic_city,
          tomb_entry_sphere_bobbens, grunt_ministairs_3, hex_large
Depths:1: layout_cave_pools, hellmouth_1, serial_shops, kennysheep_mini,
          hex_tiny, minmay_strange_pillars, lemuel_flamethrower_2,
          serial_bayou_shore_a, uniq_asterion
Depths:2: evilmike_silver_temple, layout_basic, hell_entry, abyss_entry_crystal,
          serial_bayou_shore_b, kennysheep_generic_room_10,
          minmay_staircase_bubble, uniq_enchantress
Depths:3: minmay_the_grid_square_5x5_4x4 [minmay_the_grid_square_5x5_checkered,
          minmay_the_grid_square_5x5_broken_cross,
          minmay_the_grid_square_5x5_corner,
          minmay_the_grid_square_5x5_inverted_slash,
          minmay_the_grid_square_5x5_dogpile,
          minmay_the_grid_square_5x5_prize_waves,
          minmay_the_grid_square_5x5_prize_pseudospiral,
          minmay_the_grid_square_5x5_forky,
          minmay_the_grid_square_5x5_two_walls_b,
          minmay_the_grid_square_5x5_prize_snowflake,
          minmay_the_grid_square_5x5_prize_deathbox,
          minmay_the_grid_square_5x5_shrine1,
          minmay_the_grid_square_5x5_longway, minmay_the_grid_square_5x5_plus,
          minmay_the_grid_square_5x5_half_checkered,
          minmay_the_grid_square_5x5_minibox], layout_small_grid,
          grunt_metal_band, tso_altar, pan_entry, uniq_jory
Depths:4: radiant_caverns_a_rkd, abyss_entry, serial_shops, hell_entry
Depths:5: evilmike_zot_entry_diamond, layout_cave_pools,
          abyss_entry_small_statue_room, grunt_hell_entry_dis_grunt,
          serial_bayou_shore_b, rand_demon_pan_entry_4
Hell
Zot:1:    layout_concentric_octagons
Zot:2:    layout_basic
Zot:3:    nicolae_zot_draconian_monastery, layout_basic
Zot:4:    layout_gridlike, st_single_dragon_hoard_1, grunt_megastairs_3
Zot:5:    layout_misc_corridors

Skill      XL: |  1  2  3  4  5  6  7  8  9 10 11 12 13 14 15 16 17 18 19 20 21 22 23 24 25 26 27 |
---------------+----------------------------------------------------------------------------------+-----
Conjurations   | 5 6 7 8 9 10 11 12 13 | 13.6
Fighting       | 1 2 4 5 6 7 9 10 11 12 13 14 15 16 17 18 | 18.8
Dodging        | 2 3 4 5 6 7 8 9 10 11 12 13 | 13.9
Spellcasting   | 3 5 6 8 9 10 11 12 13 14 15 16 17 18 19 | 19.5
Short Blades   | 1 2 3 4 5 6 7 8 9 10 11 | 11.9
Armour         | 1 2 3 4 5 6 7 8 9 10 | 10.7
Stealth        | 4 5 6 7 8 9 10 11 12 13 14 | 14.0
Shields        | 1 2 3 4 5 6 7 8 9 11 12 13 | 13.8
Invocations    | 2 4 5 6 7 8 9 10 11 12 13 | 13.0
Translocations | 1 2 3 4 5 6 7 8 9 10 11 13 | 13.1
Fire Magic     | 1 3 4 |  4.9
Hexes          | 1 2 3 4 5 |  5.5
Polearms       | 2 |  2.8
Evocations     | 3 5 7 9 10 11 12 13 15 | 15.0
Air Magic      | 1 2 3 4 6 |  6.3
Throwing       | 1 2 3 4 |  4.8
Summonings     | 1 2 3 4 |  4.0
Earth Magic    | 3 5 |  5.5
Transmutations | 3 5 6 9 |  9.9
Long Blades    | 4 8 9 10 | 10.1
Necromancy     | 3 8 |  8.3
Unarmed Combat | |  0.4

Action                   |  1- 3 |  4- 6 |  7- 9 | 10-12 | 13-15 | 16-18 | 19-21 | 22-24 | 25-27 || total
-------------------------+-------+-------+-------+-------+-------+-------+-------+-------+-------++-------
Melee: Unarmed           |    37 |       |       |       |       |       |       |       |       ||    37
       Dagger            |       |    32 |   114 |   151 |   645 |   683 |   161 |       |       ||  1786
       Constrict         |       |       |       |       |   126 |   146 |   168 |   211 |   245 ||   896
       Demon trident     |       |       |       |       |       |    70 |       |       |       ||    70
       Rapier            |       |       |       |       |       |       |   784 |   711 |       ||  1495
       Eudemon blade     |       |       |       |       |       |       |       |   554 |  1547 ||  2101
Throw: Boomerang         |       |       |       |       |     4 |       |    96 |       |    13 ||   113
       Dart              |       |       |       |       |     5 |     5 |       |       |       ||    10
       Javelin           |       |       |       |       |       |    22 |    33 |    51 |    30 ||   136
 Cast: Magic Dart        |    41 |    63 |    55 |   155 |   128 |   154 |    41 |     4 |     3 ||   644
       Searing Ray       |     6 |    11 |    48 |    62 |    82 |    81 |    30 |       |     1 ||   321
       Inner Flame       |       |       |       |    33 |    32 |    32 |     4 |       |       ||   101
       Iskenderun's Myst |       |       |       |    20 |   150 |   166 |    76 |     5 |     8 ||   425
       Cause Fear        |       |       |       |     1 |     2 |       |       |       |     1 ||     4
       Summon Lightning  |       |       |       |       |       |    19 |    31 |     6 |     4 ||    60
       Conjure Ball Ligh |       |       |       |       |       |     4 |    19 |    12 |    29 ||    64
       Summon Mana Viper |       |       |       |       |       |       |    26 |     8 |       ||    34
       Statue Form       |       |       |       |       |       |       |       |    27 |    27 ||    54
       Airstrike         |       |       |       |       |       |       |       |       |   155 ||   155
       Controlled Blink  |       |       |       |       |       |       |       |       |     1 ||     1
Invok: Slouch            |       |       |       |       |     4 |     6 |    13 |    13 |    12 ||    48
       Step From Time    |       |       |       |       |       |       |       |       |     2 ||     2
 Abil: Spit Poison       |    11 |    11 |    12 |    17 |     5 |     9 |       |     1 |       ||    66
Evoke: Wand              |       |       |       |     1 |     1 |     7 |    32 |     6 |       ||    47
       Lightning rod     |       |       |       |       |     2 |     4 |     3 |       |     4 ||    13
       Box of beasts     |       |       |       |       |       |     5 |     8 |     4 |     4 ||    21
       Condenser vane    |       |       |       |       |       |     1 |     9 |     5 |    11 ||    26
       Phantom mirror    |       |       |       |       |       |       |     2 |     1 |       ||     3
       Tin of tremorston |       |       |       |       |       |       |       |     3 |    20 ||    23
       Horn of Geryon    |       |       |       |       |       |       |       |       |     2 ||     2
  Use: Scroll            |       |     8 |     4 |    18 |     8 |    15 |     3 |    20 |     9 ||    85
       Potion            |       |       |       |     5 |     3 |     6 |     1 |     6 |     3 ||    24
 Stab: Sleeping          |       |       |     5 |     6 |    25 |    19 |    30 |    29 |    19 ||   133
       Confused          |       |       |       |       |     1 |       |       |       |       ||     1
       Distracted        |       |       |       |       |     2 |     8 |     6 |     4 |    13 ||    33
Armor: Robe              |    11 |     1 |       |       |       |       |       |       |       ||    12
       Leather armour    |       |     8 |    20 |       |       |       |       |       |       ||    28
       Ring mail         |       |       |    42 |    32 |       |       |       |       |       ||    74
       Skin              |       |       |       |     3 |     6 |       |       |   327 |   378 ||   714
       Troll leather arm |       |       |       |    20 |   252 |   311 |   322 |   118 |       ||  1023
       Acid dragon scale |       |       |       |       |       |       |       |   108 |   464 ||   572
Dodge: Dodged            |    37 |    33 |    83 |   110 |   452 |   527 |   683 |   726 |  1054 ||  3705
Block: Buckler           |       |     4 |    44 |   118 |   193 |       |       |       |       ||   359
       Kite shield       |       |       |       |       |   218 |   611 |   911 |  1221 |  2138 ||  5099
       Rpst.: Eudemon blade |       |       |       |       |       |       |       |    55 |   155 ||   210

Table legend: (Time is in decaauts)
 A = Elapsed time spent in this place.
 B = Non-inter-level travel time spent in this place.
 C = Inter-level travel time spent in this place.
 D = Time resting spent in this place.
 E = Time spent auto-exploring this place.
 F = Levels seen in this place.
 G = Mean time per level.
                   A        B        C        D        E       F      G
               +--------+--------+--------+--------+--------+-----+--------+
         Total | 156773 | 138335 |  18438 |  10426 | 103425 |  57 | 2750.4 |
       Dungeon |  32924 |  26994 |   5930 |   1713 |  21285 |  15 | 2194.9 |
          Lair |  21498 |  17710 |   3788 |   2064 |  13050 |   6 | 3583.0 |
        Shoals |  10272 |   9414 |    858 |    113 |   6527 |   4 | 2568.0 |
     Snake Pit |  14126 |  12535 |   1591 |   1085 |   8938 |   4 | 3531.5 |
    Slime Pits |   1448 |   1385 |     63 |      0 |   1231 |   2 |  724.0 |
  Orcish Mines |   4642 |   4086 |    556 |    470 |   2910 |   2 | 2321.0 |
   Elven Halls |   7584 |   7109 |    475 |    369 |   5458 |   3 | 2528.0 |
        Vaults |  20873 |  18518 |   2355 |   1424 |  13583 |   5 | 4174.6 |
         Crypt |   8614 |   8008 |    606 |     96 |   6746 |   3 | 2871.3 |
        Depths |  18291 |  17059 |   1232 |   1756 |  11866 |   5 | 3658.2 |
          Hell |   1168 |   1118 |     50 |      0 |    787 |   1 | 1168.0 |
           Zot |  12581 |  11653 |    928 |    833 |   9258 |   5 | 2516.2 |
       Ossuary |    494 |    494 |      0 |      0 |    399 |   1 |  494.0 |
      Ice Cave |   2252 |   2252 |      0 |    500 |   1382 |   1 | 2252.0 |
               +--------+--------+--------+--------+--------+-----+--------+

Top non-repeatable levels by time:
Depths:2: 6454 daAuts
  Lair:2: 4880 daAuts
Vaults:1: 4511 daAuts
Vaults:2: 4391 daAuts
Vaults:4: 4356 daAuts
  Lair:6: 4139 daAuts
  Lair:4: 4101 daAuts
Vaults:3: 3939 daAuts
 Snake:2: 3892 daAuts
 Snake:4: 3704 daAuts
   Zot:4: 3677 daAuts
Vaults:5: 3673 daAuts
 Snake:1: 3661 daAuts
Depths:4: 3600 daAuts
  Lair:5: 3549 daAuts
